 Dungeon Crawl Stone Soup version 0.30-b1-2-g02819fbbbe (webtiles) character file.

Game seed: 2603318766513129592

4258 LLlMATKO the Fighter (level 10, -17/91 HPs)
             Began as a Minotaur Berserker on Nov 29, 2023.
             Was a High Priest of Trog.
             Demolished by a two-headed ogre
             ... wielding a +0 giant club
              (24 damage)
             ... on level 10 of the Dungeon.
             The game lasted 00:08:03 (8805 turns).

LLlMATKO the Fighter (Minotaur Berserker)           Turns: 8805, Time: 00:08:04

Health: -17/91     AC: 15    Str: 25    XL:     10   Next: 10%
Magic:  0/9        EV: 16    Int:  4    God:    Trog [*****.]
Gold:   531        SH: 13    Dex: 11    Spells: 9/9 levels left

rFire   . . .        F - +0 war axe
rCold   . . .        s - +0 buckler
rNeg    . . .        v - +0 chain mail
rPois   +            (helmet restricted)
rElec   .            x - +0 cloak
rCorr   .            b - +0 pair of gloves
SInv    .            g - +0 pair of boots
Will    .....        D - brooch of Shielding {Spirit SH+8} Stlth
                     r - ring "Ulyolic" {rPois EV+5}
HPRegen 0.35/turn    G - ring of flight
MPRegen 0.11/turn

%: guardian spirit
@: on berserk cooldown, flying, slowed, very slow
A: horns 2, retaliatory headbutt
a: Renounce Religion, Berserk, Trog's Hand, Brothers in Arms


You were on level 10 of the Dungeon.
You worshipped Trog.
Trog was extremely pleased with you.
You visited 1 branch of the dungeon, and saw 10 of its levels.
You also visited: Ossuary.

You collected 531 gold pieces.

Inventory:

Hand Weapons
 a - a +0 hand axe
 w - a +0 war axe
 F - a +0 war axe (weapon)
Missiles
 m - 11 poisoned darts (quivered)
 B - 7 javelins
Armour
 b - a +0 pair of gloves (worn)
 g - a +0 pair of boots (worn)
 s - a +0 buckler (worn)
 v - a +0 chain mail (worn)
 x - a +0 cloak (worn)
Jewellery
 f - a ring of ice
 i - a ring of fire
 r - the ring "Ulyolic" (left hand) {rPois EV+5}
   (You found it in an ossuary)

   [ring of evasion]

   EV:        It affects your evasion (+5).
   rPois:     It protects you from poison.
 D - the brooch of Shielding (around neck) {Spirit SH+8}
   (You found it on level 4 of the Dungeon)

   [amulet of guardian spirit]

   It causes incoming damage to be divided between your reserves of health and
   magic.
   SH:        It affects your SH (+8).
 G - a ring of flight (right hand)
 H - a ring of poison resistance
 M - a ring of positive energy
Wands
 I - a wand of charming (20)
 L - a wand of quicksilver (5)
Scrolls
 e - 2 scrolls of teleportation
 h - 3 scrolls of fog
 j - a scroll of butterflies {unknown}
 k - 7 scrolls of identify
 n - 2 scrolls of torment {unknown}
 o - 2 scrolls of magic mapping {unknown}
 y - 3 scrolls of noise {unknown}
 A - 2 scrolls of enchant weapon {unknown}
 C - a scroll of vulnerability {unknown}
 E - 2 scrolls of enchant armour {unknown}
Potions
 c - a potion of flight {unknown}
 d - 4 potions of curing
 l - a potion of mutation {unknown}
 p - 6 potions of might {unknown}
 q - 3 potions of lignification {unknown}
 t - 2 potions of heal wounds {unknown}
 u - 2 potions of brilliance {unknown}
 z - a potion of berserk rage {unknown}
 J - a potion of magic {unknown}
 K - a potion of resistance {unknown}


   Skills:
 + Level 9.1 Fighting
 + Level 9.1 Axes
 + Level 8.7 Armour
 + Level 7.9 Dodging
 + Level 5.5 Shields


You had 9 spell levels left.
You didn't know any spells.
Your spell library was empty.

Dungeon Overview and Level Annotations

Branches:
Dungeon (10/15)            Temple (0/1) D:7             Orc (0/2) D:9
Ossuary (visited)
   Lair: D:8-11

Altars:
Ashenzari
Cheibriados
Elyvilon
Fedhas
Kikubaaqudgha
Makhleb
Okawaru
Trog
Wu Jian
Xom
The Shining One

Shops:
D:7 :

Annotations:
D:10 Joseph


Innate Abilities, Weirdness & Mutations

You have a pair of horns on your head.
You reflexively headbutt those who attack you in melee.


Message History

Joseph is moderately wounded.
You hit the two-headed ogre but do no damage.
The two-headed ogre hits you with a +0 giant club!
The two-headed ogre closely misses you.
Joseph hits you with a +2 antimagic quarterstaff!
You feel your power leaking away.
You barely miss the two-headed ogre.
You headbutt the two-headed ogre, but do no damage.
The two-headed ogre is moderately wounded.
You slash Joseph!
Joseph hits you with a +2 antimagic quarterstaff!
* * * LOW HITPOINT WARNING * * *
The two-headed ogre barely misses you.
The two-headed ogre hits you with a +0 giant club!
* * * LOW HITPOINT WARNING * * *
You block Joseph's attack. The two-headed ogre barely misses you.
The two-headed ogre hits you but does no damage.
An orc comes into view. It is wielding a +0 club.
The orc shouts!
You slash the two-headed ogre!
The two-headed ogre is heavily wounded.
You slash Joseph! You hit the orc wizard.
You hear a croak.
Joseph hits you with a +2 antimagic quarterstaff.
* * * LOW HITPOINT WARNING * * *
An orc comes into view. It is wielding a +0 dagger.
The orc wizard points at you and mumbles some strange words.
You easily resist.
You block Joseph's attack. The two-headed ogre closely misses you.
You block the two-headed ogre's attack.
You hit the two-headed ogre.
The two-headed ogre is heavily wounded.
You closely miss Joseph. You closely miss the orc wizard.
You block the orc wizard's attack.
Joseph hits you with a +2 antimagic quarterstaff.
* * * LOW HITPOINT WARNING * * *
You feel your power leaking away. You block the orc wizard's attack.
An orc priest comes into view. It is wielding a +0 hand axe.
The two-headed ogre hits you with a +0 giant club!!
You die...

.P...o#'# .P.$...
.o..o.#+###
FPP.$..... ..
#....P.... ..P.P
+..PP..... ......
#o@O......
...P.P####.@.P.....
.....P.PP.†........
.....P..†††........
#...$PP...........
#.P...............
#...P...P#######.
#########+.####
#...........#
#...........#


You could see Joseph, a two-headed ogre, a bullfrog, an orc priest (wandering),
an orc wizard and 2 orcs.

Vanquished Creatures
  A komodo dragon (D:10)
  A troll (D:9)
  A yak (D:10)
  5 humans (D:6)
  A water moccasin (D:5)
  2 sky beasts (D:7)
  2 black bears (D:7)
  An orc warrior (D:9)
  A centaur (D:9)
  A phantom (D:5)
  3 elf zombies (Ossuary)
  A gnoll sergeant (D:8)
  2 scorpions
  4 jellies
  5 wights (D:7)
  4 killer bees (D:10)
  A howler monkey (D:6)
  4 hounds
  A human zombie (Ossuary)
  A gnoll bouda (D:7)
  5 orc priests
  Crazy Yiuf (D:7)
  2 sleepcaps (D:6)
  3 iguanas
  11 orc wizards
  2 hound zombies (Ossuary)
  4 mummies (Ossuary)
  Robin (D:3)
  6 adders
  20 gnolls
  3 shadow imps
  A white imp (D:7)
  4 ufetubi
  An adder zombie (Ossuary)
  A worm (D:2)
  5 dart slugs
  46 orcs
  15 ball pythons
  7 endoplasms
  2 giant cockroaches
  9 goblins
  10 hobgoblins
  3 quokkas
  3 bats
  3 frilled lizards
  A gnoll zombie (D:6)
  A goblin zombie (Ossuary)
  A hobgoblin zombie (Ossuary)
  10 kobolds
  A kobold zombie (Ossuary)
  5 rats
  2 rat zombies (Ossuary)
231 creatures vanquished.

Vanquished Creatures (others)
  8 fungi (D:10)
  9 plants (D:10)
17 creatures vanquished.

Grand Total: 248 creatures vanquished

Notes
Turn   | Place    | Note
-------+----------+-------------------------------------------
     0 | D:1      | LLlMATKO the Minotaur Berserker began the quest for the
                  | Orb.
     0 | D:1      | Reached XP level 1. HP: 19/19 MP: 0/0
   254 | D:1      | Reached XP level 2. HP: 27/27 MP: 1/1
  1065 | D:2      | Reached XP level 3. HP: 31/33 MP: 2/2
  1187 | D:2      | Reached ** piety under Trog
  1189 | D:2      | Reached XP level 4. HP: 29/41 MP: 3/3
  1952 | D:3      | You fall into a shaft and drop 3 floors!
  2056 | D:6      | Reached XP level 5. HP: 47/47 MP: 4/4
  2186 | D:6      | Noticed a human
  2186 | D:6      | Noticed a human
  2186 | D:6      | Noticed a human
  2187 | D:6      | Noticed a human
  2194 | D:6      | Killed a human
  2195 | D:6      | Reached skill level 5 in Fighting
  2195 | D:6      | Reached skill level 5 in Axes
  2195 | D:6      | Reached XP level 6. HP: 56/56 MP: 5/5
  2198 | D:6      | Killed a human
  2205 | D:6      | Killed a human
  2206 | D:6      | Reached skill level 5 in Armour
  2206 | D:6      | Reached XP level 7. HP: 62/62 MP: 6/6
  2208 | D:6      | Killed a human
  2252 | D:6      | Noticed a human
  2264 | D:6      | Killed a human
  2265 | D:6      | Reached skill level 5 in Dodging
  2497 | D:6      | Found a sand-covered staircase.
  2506 | Ossuary  | Entered an ossuary
  2526 | Ossuary  | Reached XP level 8. HP: 71/71 MP: 7/7
  2782 | Ossuary  | Reached *** piety under Trog
  2812 | Ossuary  | Identified the ring "Ulyolic" {rPois EV+5}
  3149 | D:6      | Reached skill level 1 in Shields
  3531 | D:5      | Entered Level 5 of the Dungeon
  4387 | D:3      | Noticed Robin
  4405 | D:3      | Killed Robin
  4512 | D:3      | Found a shimmering altar of Xom.
  5244 | D:4      | Found a bloodstained altar of Trog.
  5246 | D:4      | Found a snail-covered altar of Cheibriados.
  5279 | D:4      | Found the brooch of Shielding {Spirit SH+8}
  5389 | D:4      | Reached **** piety under Trog
  5432 | D:4      | Found a broken altar of Ashenzari.
  5433 | D:4      | Found an ancient bone altar of Kikubaaqudgha.
  5434 | D:4      | Found a white marble altar of Elyvilon.
  5434 | D:4      | Found a burning altar of Makhleb.
  5434 | D:4      | Found an ornate altar of the Wu Jian Council.
  5435 | D:4      | Found a blossoming altar of Fedhas.
  5979 | D:7      | Found Xamepten's Self-Improvement Boutique.
  6002 | D:7      | Reached XP level 9. HP: 80/80 MP: 8/8
  6160 | D:7      | Found a runed translucent door.
  6161 | D:7      | Noticed Crazy Yiuf
  6334 | D:7      | Found a staircase to the Ecumenical Temple.
  6598 | D:7      | Killed Crazy Yiuf
  7691 | D:9      | Found an iron altar of Okawaru.
  8059 | D:9      | Found a staircase to the Orcish Mines.
  8064 | D:9      | Reached ***** piety under Trog
  8084 | D:9      | Reached skill level 5 in Shields
  8184 | D:9      | Found a glowing golden altar of the Shining One.
  8205 | D:9      | Noticed a troll
  8212 | D:9      | Killed a troll
  8374 | D:9      | Found an iron altar of Okawaru.
  8411 | D:9      | Found a staircase to the Orcish Mines.
  8641 | D:9      | Found a glowing golden altar of the Shining One.
  8766 | D:10     | Entered Level 10 of the Dungeon
  8776 | D:10     | Noticed a komodo dragon
  8784 | D:10     | Killed a komodo dragon
  8784 | D:10     | Noticed Joseph
  8785 | D:10     | Reached XP level 10. HP: 91/91 MP: 7/9
  8796 | D:10     | Noticed a two-headed ogre
  8805 | D:10     | Demolished by a two-headed ogre

Illustrated notes

Levels and vault maps discovered:
D:1:      dpeg_arrival_refuge, layout_basic
D:2:      layout_basic, kennysheep_crisscross, minmay_small_reverse_x
D:3:      layout_basic, lemuel_round_altar, uniq_robin
D:4:      layout_rooms, grunt_temple_overflow_open, minivault_14
D:5:      layout_basic
D:6:      layout_loops_corners, enter_ossuary_3, minmay_ruffians
D:7:      layout_basic, minmay_temple_entry_large_hall, nicolae_shop_self_help,
          uniq_crazy_yiuf_cottage
D:8:      layout_loops_corners
D:9:      layout_cave_pools, mainiacjoe_overflow_24_doors,
          mainiacjoe_overflow_chevrons, hiddenorc2_lemuel
D:10:     layout_roguey, grunt_lair_entry_orc_guard_hut,
          eino_small_chamber_without_monster, minivault_24, uniq_joseph

Skill      XL: |  1  2  3  4  5  6  7  8  9 10 |
---------------+-------------------------------+-----
Axes           | 4 5 6 7 8 9 |  9.1
Fighting       | 4 5 6 7 9 |  9.1
Armour         | 3 4 5 6 7 8 |  8.7
Dodging        | 3 4 5 6 7 |  7.9
Shields        | 2 5 |  5.5

Action                     |  1- 3 |  4- 6 |  7- 9 | 10-12 || total
---------------------------+-------+-------+-------+-------++-------
  Melee: Hand axe          |    55 |    55 |   238 |       ||   348
         Headbutt          |     3 |    12 |    82 |     4 ||   101
         Punch             |     1 |       |     1 |       ||     2
         War axe           |       |       |   179 |    15 ||   194
 Invoke: Berserk           |     2 |     2 |     8 |       ||    12
    Use: Scroll            |       |     5 |     1 |       ||     6
 Armour: Scale mail        |    23 |    29 |    53 |       ||   105
         Chain mail        |       |       |   129 |     8 ||   137
  Dodge: Dodged            |    39 |    36 |   257 |    17 ||   349
  Block: Buckler           |       |       |   177 |    19 ||   196
